 Dungeon Crawl Stone Soup version 0.29-a0-323-g050149a (webtiles) character file.

Game seed: 11608894524689483871

69 Nithhogg the Skirmisher (level 4, -3/41 HPs)
             Began as a Hill Orc Fighter on Apr 10, 2022.
             Killed by divine providence
             ... invoked by an orc priest
              (17 damage)
             ... on level 3 of the Dungeon.
             The game lasted 00:03:10 (2088 turns).

Nithhogg the Skirmisher (Hill Orc Fighter)          Turns: 2088, Time: 00:03:11

Health: -3/41      AC:  7    Str: 20    XL:     4   Next: 20%
Magic:  4/4        EV: 10    Int:  8    God:
Gold:   104        SH:  0    Dex: 10    Spells: 3/3 levels left

rFire   . . .      SeeInvis .   a - +0 war axe
rCold   . . .      Faith    .   (no shield)
rNeg    . . .      Spirit   .   b - +0 scale mail
rPois   .          Reflect  .   (no helmet)
rElec   .          Harm     .   (no cloak)
rCorr   .          Rampage  .   (no gloves)
Will    .....                   (no boots)
Stlth   ..........              (no amulet)
HPRegen 0.13/turn               (no ring)
MPRegen 0.09/turn               (no ring)

@: no status effects
A: no striking features
a: Convert to Beogh


You were on level 3 of the Dungeon.
You visited 1 branch of the dungeon, and saw 3 of its levels.

You collected 104 gold pieces.

Inventory:

Hand Weapons
 a - a +0 war axe (weapon)
Armour
 b - a +0 scale mail (worn)
 c - a +0 buckler
Jewellery
 l - a ring of ice
Scrolls
 h - a scroll of teleportation {unknown}
 i - a scroll of amnesia {unknown}
 j - 3 scrolls of immolation {unknown}
Potions
 d - a potion of might
 e - 2 potions of berserk rage {unknown}
 f - a potion of ambrosia {unknown}
 g - a potion of attraction {unknown}
 k - a potion of curing {unknown}


   Skills:
 + Level 4.3 Fighting
 + Level 3.6 Axes
 + Level 3.9 Armour
 + Level 1.2 Dodging
 - Level 3.2 Shields


You had 3 spell levels left.
You didn't know any spells.
Your spell library contained the following spells:

 Spells                   Type           Power      Damage    Failure   Level
 Magic Dart               Conj           0%         1d3       77%         1
 Summon Small Mammal      Summ           0%         N/A       77%         1
 Scorch                   Fire           0%         2d5       88%         2
 Searing Ray              Conj           0%         2d4       88%         2
 Call Canine Familiar     Summ           0%         N/A       98%         3
 Conjure Flame            Conj/Fire      0%         6-21      98%         3
 Ignite Poison            Fire/Tmut/Pois 0%         N/A       98%         3
 Summon Guardian Golem    Hex/Summ       0%         N/A       98%         3
 Flame Wave               Conj/Fire      0%         2d4       100%        4
 Fulminant Prism          Conj/Hex       0%         3d6       100%        4
 Sticky Flame             Conj/Fire      0%         2d3       100%        4
 Summon Cactus Giant      Summ           0%         N/A       100%        6


Dungeon Overview and Level Annotations

Branches:
Dungeon (3/15)

Altars:

Shops:
D:2 (*[[


Message History

You kill the bat!
You closely miss the kobold. The kobold closely misses you.
You hit the kobold.
The kobold is severely wounded.
An orc comes into view. It is wielding a +0 short sword.
The kobold closely misses you.
You slash the kobold!
You kill the kobold!
You barely miss the orc wizard.
The orc wizard hits you but does no damage.
An orc comes into view. It is wielding a +0 dagger.
The adder bites you but does no damage.
The orc wizard points at you and mumbles some strange words.
You resist with some effort.
An orc priest comes into view. It is wielding a +0 short sword.
The orc moves out of view.
You closely miss the orc wizard. You completely miss the adder.
The adder barely misses you.
The orc wizard hits you with a +0 dagger.
The orc priest calls down the wrath of Beogh upon you.
Beogh smites you! The adder bites you but does no damage.
You hear a shout! x2
The orc priest shouts, "Surrender to Beogh and we'll let you live!" (press Y on the ability menu to convert to Beogh)
You slash the orc wizard!
The orc wizard is heavily wounded.
You closely miss the adder. The orc wizard casts a spell at you.
The magic dart hits you. The adder barely misses you. The adder bites you.
The orc wizard attacks as you move away!
The orc wizard barely misses you.
The orc priest shouts, "Join the one true god or die!"
You hit the orc wizard but do no damage.
The orc wizard is heavily wounded.
The orc wizard hits you but does no damage.
The orc wizard hits you with a +0 dagger.
The orc priest calls down the wrath of Beogh upon you.
Beogh smites you!
You die...

##)...#### #.#
#.#....# ####
###.)......#
#.# #.#.#### #
.....#.###.#
#.# #.#.# #
####.........
..# #.#.# #
#...###. # #..
..#.# # #...#
#.# ###.# #
#...# #.# #.# #
#...# #.# #.#
#.... #@# #.#
....##.#####o##
#.# .#
......oSo####.#
.#
..#####.).<...#
.# #.#######
#.o. #..#. #..
.# ..# ##


You could see an orc priest, an orc wizard, an adder and 2 orcs.

Vanquished Creatures
  3 worms (D:2)
  4 dart slugs
  5 ball pythons
  2 endoplasms (D:1)
  2 giant cockroaches (D:1)
  5 goblins
  4 hobgoblins
  4 jackals (D:2)
  3 quokkas
  2 bats
  3 frilled lizards
  7 kobolds
  6 rats
50 creatures vanquished.

Notes
Turn   | Place    | Note
-------+----------+-------------------------------------------
     0 | D:1      | Nithhogg the Hill Orc Fighter began the quest for the Orb.
     0 | D:1      | Reached XP level 1. HP: 19/19 MP: 1/1
   311 | D:1      | Reached XP level 2. HP: 27/27 MP: 2/2
   368 | D:1      | You fall into a shaft and drop 1 floor!
   417 | D:1      | Reached skill level 4 in Fighting
   434 | D:1      | Reached XP level 3. HP: 33/33 MP: 3/3
   521 | D:1      | Reached skill level 1 in Dodging
   666 | D:2      | Found Xiulluta's Armour Shop.
   712 | D:2      | Found a faded altar of an unknown god.
  1091 | D:2      | Found Erolocw's General Store.
  1255 | D:2      | Found Agiymek's Armour Emporium.
  1498 | D:2      | Found Mecisofo's Weapon Boutique.
  1513 | D:2      | Reached XP level 4. HP: 33/40 MP: 4/4
  2088 | D:3      | Killed from afar by an orc priest

Illustrated notes

Levels and vault maps discovered:
D:1:      dpeg_arrival_refuge, layout_rooms
D:2:      layout_basic, serial_shops, nicolae_shop_behind_doors,
          nicolae_shop_bloodbath_and_beyond, shop_fountains, shop,
          shapermc_ecumenical_altar_notcrosses
D:3:      layout_loops_ring, mainiacjoe_overflow_alcove_4,
          nicolae_overflow_crystal_walls, nicolae_figureground_sparkle

Skill      XL: |  1  2  3 |
---------------+----------+-----
Axes           | 3 |  3.6
Fighting       | 4 |  4.3
Dodging        | 1 |  1.2
Armour         | |  3.9
Shields        | |  3.2

Action                   |  1- 3 |  4- 6 || total
-------------------------+-------+-------++-------
Melee: War axe           |   105 |    34 ||   139
       Punch             |     2 |     1 ||     3
Armor: Scale mail        |    51 |    17 ||    68
Dodge: Dodged            |    76 |    26 ||   102

Table legend: (Time is in decaauts)
 A = Elapsed time spent in this place.
 B = Non-inter-level travel time spent in this place.
 C = Inter-level travel time spent in this place.
 D = Time resting spent in this place.
 E = Time spent auto-exploring this place.
 F = Levels seen in this place.
 G = Mean time per level.
                   A        B        C        D        E       F      G
               +--------+--------+--------+--------+--------+-----+--------+
         Total |   2135 |   2083 |     52 |      0 |   1704 |   3 |  711.7 |
       Dungeon |   2135 |   2083 |     52 |      0 |   1704 |   3 |  711.7 |
               +--------+--------+--------+--------+--------+-----+--------+

Top non-repeatable levels by time:
     D:2: 1253 daAuts
     D:1: 646 daAuts
     D:3: 235 daAuts
